 Dungeon Crawl Stone Soup version 0.29.1-4-g47bece8355 (webtiles) character file.

Game seed: 2765657959076395601

43 concernfroge the Trooper (level 3, -3/31 HPs)
             Began as a Mummy Monk on Dec 4, 2022.
             Killed from afar by an orc wizard (8 damage)
             ... with a puff of flame
             ... on level 2 of the Dungeon.
             The game lasted 00:03:03 (1670 turns).

concernfroge the Trooper (Mummy Monk)               Turns: 1670, Time: 00:03:04

Health: -3/31      AC:  7    Str: 16    XL:     3   Next: 37%
Magic:  0/3        EV: 10    Int:  9    God:
Gold:   25         SH:  0    Dex: 14    Spells: 2/2 levels left

rFire   x . .      SeeInvis .   a - +0 spear
rCold   + . .      Faith    .   (no shield)
rNeg    + + +      Spirit   +   e - +0 scale mail
rPois   ∞          Reflect  .   (no helmet)
rElec   .          Harm     .   (no cloak)
rCorr   .          Rampage  .   f - +0 pair of gloves
Will    .....                   (no boots)
Stlth   ..........              b - amulet of guardian spirit
HPRegen 0.10/turn               (no ring)
MPRegen 0.08/turn               (no ring)

@: no status effects
A: cold resistance 1, negative energy resistance 3, torment resistance 2, heat
vulnerability 1, in touch with death 1, no potions
a: no special abilities


You were on level 2 of the Dungeon.
You visited 1 branch of the dungeon, and saw 2 of its levels.

You collected 25 gold pieces.

Inventory:

Hand Weapons
 a - a +0 spear (weapon)
Armour
 e - a +0 scale mail (worn)
 f - a +0 pair of gloves (worn)
Jewellery
 b - an amulet of guardian spirit (around neck)
 c - an amulet of faith


   Skills:
 + Level 4.5 Fighting
 - Level 2.4 Polearms
 - Level 2.4 Dodging
 - Level 1.5 Stealth


You had 2 spell levels left.
You didn't know any spells.
Your spell library was empty.

Dungeon Overview and Level Annotations

Branches:
Dungeon (2/15)

Altars:

Shops:
D:1 [


Innate Abilities, Weirdness & Mutations

You are immune to poison.
Your flesh is cold resistant. (rC+)
You are immune to negative energy. (rN+++)
You are immune to unholy pain and torment.
You are vulnerable to heat. (rF-)
You are in touch with the powers of death.
You do not drink.


Message History

Aim: an orc, wielding a +0 mace (heavily wounded, poisoned, about 36% to evade your +0 spear)
You reach to attack!
You hit the orc.
The orc is almost dead.
Something hits you.
Reach: a) +0 spear
Press: ? - help, Dir - move target, p - orc You barely miss something.
Something hits you but does no damage.
You miss something. Something hits you but does no damage.
You closely miss something.
You kill the orc!
Something hits you but does no damage.
You miss something. Something hits you.
You barely miss something.
You kill the orc!
You hear some strange, mumbled words.
A puff of flame appears from out of thin air!
The puff of flame hits you! The fire burns you terribly!
You hit something but do no damage.
You hear some strange, mumbled words.
A magic dart appears from out of thin air!
The magic dart hits you.
* * * LOW HITPOINT WARNING * * *
You hit something but do no damage. Something hits you but does no damage.
You closely miss something. Something hits you.
* * * LOW HITPOINT WARNING * * *
You closely miss something. Something hits you but does no damage.
You hit something but do no damage.
You hear some strange, mumbled words.
A magic dart appears from out of thin air!
The magic dart hits you.
* * * LOW HITPOINT WARNING * * *
You closely miss something.
You hear some strange, mumbled words.
A magic dart appears from out of thin air!
The magic dart hits you but does no damage.
You hit something.
You hear some strange, mumbled words.
A puff of flame appears from out of thin air!
The puff of flame hits you! The fire burns you terribly!
You die...

#...## .$
#.### #..
###.# ##.#
##...# ....#
#..###
#...#####.##
#....#...#
#...###
#@### #{#
)o# .(.#
#.#.# ...(.
#.#### ..


You could see an orc.

Vanquished Creatures
  2 dart slugs (D:1)
  2 orcs (D:2)
  A ball python (D:1)
  An endoplasm (D:1)
  A giant cockroach (D:1)
  5 goblins (D:1)
  3 hobgoblins (D:1)
  7 kobolds
  6 bats (D:1)
  3 frilled lizards (D:1)
  6 rats (D:1)
37 creatures vanquished.

Notes
Turn   | Place    | Note
-------+----------+-------------------------------------------
     0 | D:1      | concernfroge the Mummy Monk began the quest for the Orb.
     0 | D:1      | Reached XP level 1. HP: 18/18 MP: 1/1
   205 | D:1      | Reached XP level 2. HP: 24/24 MP: 2/2
   611 | D:1      | Reached skill level 4 in Fighting
  1057 | D:1      | Gained mutation: You are in touch with the powers of death.
                  | [Mummy growth]
  1057 | D:1      | Reached XP level 3. HP: 30/30 MP: 3/3
  1190 | D:1      | Found Cahylops's Armour Shoppe.
  1491 | D:1      | Found a faded altar of an unknown god.
  1670 | D:2      | Killed from afar by an orc wizard

Illustrated notes

Levels and vault maps discovered:
D:1:      dpeg_arrival_subterranean_lakeside_camping, layout_basic,
          serial_shops, shop, dreamdust_ecumenical_altar_hidden_monk_grotto
D:2:      layout_rooms, uniq_robin, uniq_terence, uniq_sigmund

Skill      XL: |  1  2 |
---------------+-------+-----
Fighting       | 4 |  4.5
Polearms       | |  2.4
Dodging        | |  2.4
Stealth        | |  1.5

Action                   || total
-------------------------++-------
Melee: Spear             ||   133
       Punch             ||     3
Throw: Dart              ||     6
 Stab: Sleeping          ||     1
Armor: Scale mail        ||    35
       Robe              ||     4
Dodge: Dodged            ||    35
